 Dungeon Crawl Stone Soup version 0.31-a0-229-g1fc7ce93e2 (webtiles) character file.

Game seed: 14884308089702843723

19 qw the Shooter (level 2, 0/24 HPs)
             Began as a Minotaur Hexslinger on July 6, 2023.
             Slain by a scorpion (5 damage)
             ... on level 1 of the Dungeon.
             The game lasted 00:00:16 (820 turns).

qw the Shooter (Minotaur Hexslinger)                 Turns: 820, Time: 00:00:16

Health: 0/24       AC:  5    Str: 12    XL:     2   Next: 55%
Magic:  2/2        EV: 10    Int: 10    God:
Gold:   42         SH:  0    Dex: 12    Spells: 2/3 levels left

rFire   . . .        Y - +1 sling
rCold   . . .        (no shield)
rNeg    . . .        e - +0 ring mail
rPois   .            (helmet restricted)
rElec   .            (no cloak)
rCorr   .            (no gloves)
SInv    .            (no boots)
Will    .....        (no amulet)
Stlth   +            (no ring)
HPRegen 0.24/turn    (no ring)
MPRegen 0.08/turn

%: no passive effects
@: no status effects
A: horns 2, retaliatory headbutt
a: no special abilities


You were on level 1 of the Dungeon.
You visited 1 branch of the dungeon, and saw 2 of its levels.

You collected 42 gold pieces.


Innate Abilities, Weirdness & Mutations

You have a pair of horns on your head.
You reflexively headbutt those who attack you in melee.


   Skills:
 - Level 2.0 Fighting
 + Level 3.2 Ranged Weapons
 - Level 2.1 Dodging
 - Level 1.0 Spellcasting
 - Level 2.0 Hexes


You had 2 spell levels left.
You knew the following spells:

 Your Spells              Type           Power      Damage    Failure   Level
a - Slow                  Hex            16%        N/A       34%         1

Your spell library contained the following spells:

 Spells                   Type           Power      Damage    Failure   Level
 Inner Flame              Hex/Fire       2%         N/A       83%         3
 Portal Projectile        Hex/Tloc       4%         N/A       83%         3
 Cause Fear               Hex            2%         N/A       98%         4

Inventory:

Hand Weapons
 Y - a +1 sling (weapon)
Armour
 e - a +0 ring mail (worn)
Potions
 h - a potion of berserk rage {unknown}

Dungeon Overview and Level Annotations

Branches:
Dungeon (2/15)

Altars:


Message History

You shoot a sling bullet.
The sling bullet hits the scorpion but does no damage.
The scorpion is lightly wounded.
The scorpion barely misses you. You furiously retaliate!
You headbutt the scorpion, but do no damage.
You shoot a sling bullet.
The sling bullet hits the scorpion but does no damage.
The scorpion is lightly wounded.
The scorpion stings you. The scorpion stings you!
You shoot a sling bullet. The sling bullet hits the scorpion.
The scorpion is lightly wounded.
The scorpion barely misses you. The scorpion stings you.
You shoot a sling bullet.
The sling bullet barely misses the scorpion.
The scorpion closely misses you.
You shoot a sling bullet. The sling bullet hits the scorpion.
The scorpion is moderately wounded.
The scorpion stings you but does no damage.
The scorpion barely misses you.
You shoot a sling bullet.
The sling bullet closely misses the scorpion.
The scorpion stings you! The scorpion stings you.
You shoot a sling bullet. The sling bullet hits the scorpion.
The scorpion is moderately wounded.
The scorpion completely misses you.
You shoot a sling bullet. The sling bullet hits the scorpion.
The scorpion is severely wounded.
The scorpion closely misses you.
The scorpion stings you but does no damage.
You shoot a sling bullet. The sling bullet hits the scorpion.
The scorpion is almost dead.
The scorpion barely misses you. The scorpion stings you.
You shoot a sling bullet.
The sling bullet closely misses the scorpion.
The scorpion stings you but does no damage.
You shoot a sling bullet.
The sling bullet hits the scorpion but does no damage.
The scorpion is almost dead.
The scorpion stings you.
You die...

#.#.#.#.....##
##.#### #######
#..###...###.###.## #
############.#.#.#.##
##...## #
########...........#
#####
#######..######..###
######..## ##.#
¤¤.....## #.# #######
¤¤77..## #.# #.....#
¤¤7..P# ####@###
#.....# P77P..#
#....s.# #.....# ###
77...## #.##.#.#
#:....# #.. ..P.###
#.##.#.# #.....# #.#
...#### #.##...#
###.### #.# 7..####
#.###..# #.# #.#
77.#### #.###..##
#.#####.#
...##777777##.......#
###.#.....#
.P%.77.7PPP7###.#.#.#
#...#.#####


You could see a scorpion.

Vanquished Creatures
  3 bats (D:1)
  3 endoplasms (D:1)
  A giant cockroach (D:1)
  4 jackals (D:1)
  A quokka (D:1)
  2 ball pythons (D:1)
  A frilled lizard (D:1)
  A kobold (D:1)
16 creatures vanquished.

Notes
Turn   | Place    | Note
-------+----------+-------------------------------------------
     0 | D:1      | qw the Minotaur Hexslinger began the quest for the Orb.
     0 | D:1      | Reached XP level 1. HP: 16/16 MP: 1/1
     0 | D:1      | 0 ||| qw: Version: 0.3-a-46-gb1f654a
     0 | D:1      | 0 ||| qw: Game counter: 1279
     0 | D:1      | 0 ||| qw: Melee chars always use a shield: true
     0 | D:1      | 0 ||| qw: God list: Okawaru
     0 | D:1      | 0 ||| qw: Allow faded altars: false
     0 | D:1      | 0 ||| qw: Do Orc after clearing Dungeon:15 true
     0 | D:1      | 0 ||| qw: Do second Lair branch before Depths: true
     0 | D:1      | 0 ||| qw: Lair rune preference: random
     0 | D:1      | 0 ||| qw: Goals: Normal
     0 | D:1      | 0 ||| PLANNING D:1-11
   270 | D:1      | Reached skill level 3 in Ranged Weapons
   270 | D:1      | Reached XP level 2. HP: 23/23 MP: 2/2
   754 | D:1      | 754 ||| UPGRADING to +0 ring mail.
   764 | D:1      | 764 ||| DROPPING +0 robe.
   765 | D:1      | 765 ||| READING scroll labelled VUKOM SILUGHU.
   766 | D:1      | 766 ||| READING scroll labelled TOOLYZ ENTAP.
   767 | D:1      | 767 ||| READING scroll labelled WYQIMP URIOMOPU.
   768 | D:1      | 768 ||| READING scroll labelled HOLUNO TENENG.
   769 | D:1      | 769 ||| READING scroll labelled AVIRISH CON NETAD.
   770 | D:1      | 770 ||| READING scroll labelled BASME DECOEBB.
   771 | D:1      | 771 ||| READING scroll labelled DAOQEU GEEPUIS.
   774 | D:1      | 774 ||| DROPPING scroll of poison.
   802 | D:2      | Noticed a scorpion
   808 | D:2      | 808 ||| STAIRDANCE
   815 | D:1      | HP: 5/24 [scorpion (7)]
   820 | D:1      | Slain by a scorpion

Levels and vault maps discovered:
D:1:      onia_arrival_pyramid, layout_loops_cross, serial_forest,
          infiniplex_forest_clump_double, infiniplex_forest_clump_small,
          infiniplex_forest_corner_2, infiniplex_forest_straight_1,
          infiniplex_forest_straight_3, infiniplex_forest_end_3,
          infiniplex_forest_lined_room_2
D:2:      layout_rooms, minmay_pentomino_u4, uniq_jessica

Skill      XL: |  1  2 |
---------------+-------+-----
Ranged Weapons | 3 |  3.2
Fighting       | 2 |  2.0
Dodging        | |  2.1
Spellcasting   | |  1.0
Hexes          | |  2.0

Action                     || total
---------------------------++-------
   Fire: Sling             ||    51
    Use: Scroll            ||     7
 Armour: Robe              ||     3
         Ring mail         ||     3
  Dodge: Dodged            ||    21

Table legend:
 A = Non-vault XP
 B = Vault XP
 C = Vault XP percentage of total XP
 D = Non-vault monster count
 E = Vault monster count
 F = Vault count percentage of total count
                 A         B        C        D         E       F
            +---------+---------+-------+---------+---------+-------
      Total |      28 |       0 |   0.0 |      16 |       0 |   0.0
            +---------+---------+-------+---------+---------+-------
        D:1 |      28 |       0 |   0.0 |      16 |       0 |   0.0
            +---------+---------+-------+---------+---------+-------
